 Dungeon Crawl Stone Soup version 0.21.1-1-g345015f (webtiles) character file.

210 tidbits the Charmwright (level 5, -10/64 HPs)
             Began as a Gnoll Skald on June 20, 2018.
             Mangled by tidbits's ghost (20 damage)
             ... on level 4 of the Dungeon.
             The game lasted 00:05:10 (553 turns).

tidbits the Charmwright (Gnoll Skald)                Turns: 553, Time: 00:05:11

Health: -10/64     AC: 22    Str: 13    XL:     5   Next: 88%
Magic:  3/12       EV:  2    Int: 16    God:
Gold:   68         SH:  0    Dex: 15    Spells: 2/14 levels left

rFire    . . .     SeeInvis .     - Unarmed
rCold    . . .     Gourm    .   (no shield)
rNeg     + + +     Faith    .   (armour currently unavailable)
rPois    +         Spirit   .   (helmet currently unavailable)
rElec    .         Reflect  .   (cloak currently unavailable)
rCorr    .         Harm     .   (gloves currently unavailable)
MR       .....     NoTele   +   (boots currently unavailable)
Stlth    ++........             (no amulet)
HPRegen  0.20/turn              (no ring)
MPRegen  0.13/turn              (no ring)

@: tree-form, infused, singing
A: distributed training, strong nose
a: no special abilities


You were on level 4 of the Dungeon.
You were not hungry.
You were a tree.
You visited 1 branch of the dungeon, and saw 4 of its levels.

You collected 68 gold pieces.

Inventory:

Hand Weapons
 a - a +0 hand axe
 l - a +0 dagger
Armour
 b - a +0 leather armour (melded)
 e - a +0 ring mail
Jewellery
 s - an uncursed ring of poison resistance {unknown}
   (You found it on level 4 of the Dungeon)
Wands
 q - a wand of random effects (18)
Scrolls
 f - 3 scrolls of enchant weapon {unknown}
 g - a scroll of fear {unknown}
 m - a scroll of random uselessness {unknown}
 n - 2 scrolls of identify {unknown}
 r - a scroll of remove curse {unknown}
Potions
 h - a potion of agility {unknown}
 i - a potion of heal wounds {unknown}
 j - a potion of curing {unknown}
 k - a potion of brilliance {unknown}
 p - a potion of lignification
Books
 c - a book of Battle

   Spells                             Type                      Level
   a - Infusion                       Charms                       1
   b - Shroud of Golubria             Charms/Translocation         2
   c - Song of Slaying                Charms                       2
   d - Spectral Weapon                Hexes/Charms                 3
   e - Regeneration                   Charms/Necromancy            3
 o - a book of Cantrips
   (You found it on level 4 of the Dungeon)

   Spells                             Type                      Level
   a - Confusing Touch                Hexes                        1
   b - Animate Skeleton               Necromancy                   1
   c - Summon Small Mammal            Summoning                    1
   d - Apportation                    Translocation                1
Comestibles
 d - 4 rations


   Skills:
 + Level 4.8 Fighting
 + Level 1.6 Short Blades
 + Level 1.6 Long Blades
 + Level 4.8 Axes
 + Level 1.6 Maces & Flails
 + Level 1.6 Polearms
 + Level 1.6 Staves
 + Level 1.6 Slings
 + Level 1.6 Bows
 + Level 1.6 Crossbows
 + Level 1.6 Throwing
 + Level 3.0 Armour
 + Level 4.8 Dodging
 + Level 1.6 Stealth
 + Level 1.6 Shields
 + Level 1.6 Unarmed Combat
 + Level 5.2 Spellcasting
 + Level 1.3 Conjurations
 + Level 1.3 Hexes
 + Level 5.6 Charms
 + Level 1.3 Summonings
 + Level 1.3 Necromancy
 + Level 1.3 Translocations
 + Level 1.3 Transmutations
 + Level 1.3 Fire Magic
 + Level 1.3 Ice Magic
 + Level 1.3 Air Magic
 + Level 1.3 Earth Magic
 + Level 1.3 Poison Magic
 + Level 1.8 Invocations
 + Level 1.6 Evocations


You had 2 spell levels left.
You knew the following spells:

 Your Spells              Type           Power        Failure   Level  Hunger
g - Shroud of Golubria    Chrm/Tloc      ###.......   5%          2    #......
i - Infusion              Chrm           ###.         1%          1    None
r - Regeneration          Chrm/Necr      ###.......   11%         3    ###....
w - Spectral Weapon       Hex/Chrm       ###.....     11%         3    ###....
y - Song of Slaying       Chrm           ###.....     2%          2    #......
A - Apportation           Tloc           #.....       9%          1    None


Dungeon Overview and Level Annotations

Branches:
Dungeon (4/15)
 Temple: D:4-7

Altars:

Annotations:
D:4 tidbits's ghost, weakling GnNe


Innate Abilities, Weirdness & Mutations

Your experience applies equally to all skills.
((You have very sharp teeth.))
Your uncanny sense of smell can sniff out nearby items.


Message History

The crimson imp is moderately wounded.
You closely miss the kobold.
Your spectral weapon fades away.
The crimson imp hits you. The kobold misses you.
A giant cockroach comes into view.
Casting: Spectral Weapon
Confirm with . or Enter, or press ? or * to list all spells.
You draw out your weapon's spirit!
The crimson imp hits you. The kobold hits you but does no damage.
You closely miss the kobold. You hit the crimson imp.
Your spectral weapon hits the kobold.
You kill the kobold!
The crimson imp blinks!
The kobold hits you with a dagger.
You completely miss the kobold.
Your spectral weapon hits the kobold.
You kill the kobold!
You slash the kobold!
You kill the kobold!
You slash the giant cockroach!
You kill the giant cockroach!
Your song is almost over.
Tidbits's ghost (weakling Gnoll Necromancer) comes into view.
It is wielding a weapon of electrocution.
Tidbits's ghost mumbles some strange words.
Tidbits's ghost's wounds begin to heal before your eyes!
Things that are here:
a ration; a giant cockroach corpse You miss the crimson imp.
The crimson imp is moderately wounded.
The crimson imp barely misses you.
You slash the crimson imp!
The crimson imp is almost dead.
The crimson imp hits you.
Unknown command.
You slash the kobold!
You kill the kobold!
You hit the crimson imp.
You kill the crimson imp!
You have reached level 5!
Tidbits's ghost gestures at you while chanting.
You barely resist.
d - 4 rations (gained 1) Tidbits's ghost casts a spell at you.
You barely resist. You barely miss the big kobold. You bite the big kobold.
The big kobold is moderately wounded.
Your song has ended.
Your spectral weapon closely misses the big kobold.
The big kobold hits you but does no damage.
Casting: Spectral Weapon
Confirm with . or Enter, or press ? or * to list all spells.
You start singing a song of slaying.
The big kobold closely misses you.
You hit the big kobold but do no damage.
Your bite misses the big kobold.
The big kobold is moderately wounded.
Your spectral weapon hits the big kobold.
The big kobold barely misses you.
Casting: Song of Slaying
Confirm with . or Enter, or press ? or * to list all spells.
You begin infusing your attacks with magical energy.
Tidbits's ghost closely misses you. The big kobold closely misses you.
You hit the big kobold.
The big kobold is heavily wounded.
You completely miss tidbits's ghost.
Your spectral weapon hits the big kobold!
Tidbits's ghost casts a spell at you. Pain shoots through your body!
You catch the helpless big kobold completely off-guard!
You hit the big kobold.
The big kobold is almost dead.
You closely miss tidbits's ghost.
Your spectral weapon hits the big kobold but does no damage.
The big kobold hits you with a club! Tidbits's ghost closely misses you.
You miss the big kobold.
The big kobold is almost dead.
You closely miss tidbits's ghost.
Your spectral weapon hits the big kobold!
You kill the big kobold!
Your Armour skill increases to level 3!
Tidbits's ghost points at you and mumbles some strange words.
Pain shoots through your body!
* * * LOW HITPOINT WARNING * * *
Your spectral weapon fades away.
Things that are here:
a club x2; a big kobold corpse You barely miss tidbits's ghost.
Your bite misses tidbits's ghost.
Tidbits's ghost is no longer regenerating.
Tidbits's ghost hits you but does no damage.
It was a potion of lignification.
You turn into a tree.
Your +0 leather armour melds into your body.
Your roots penetrate the ground.
Tidbits's ghost hits you but does no damage.
You are electrocuted!
* * * LOW HITPOINT WARNING * * *
Wield which item (- for none, * to show all)? (? for menu, Esc to quit)
You are now empty-handed.
Tidbits's ghost casts a spell.
Tidbits's ghost's wounds begin to heal before your eyes!
You miss tidbits's ghost.
Tidbits's ghost hits you but does no damage.
You are electrocuted!
You die...

.......#.. ... ...%...#.# #..
.........# #### #.#
#.....#.##.... #.#
##.......#..... #o# #............
#.# #.#.#....#.#
#####.####.†...#W...##
...........≈≈≈.)♣....# ###
####...≈≈≈≈≈≈≈≈≈)$........#######
.######≈≈≈≈≈≈≈≈..######........
K. ###≈≈≈####.# #....... ## #####
.# #....... #≈###### ..... .#
#.....<. ≈≈≈≈≈≈≈# #.....# .#
#....... ≈≈≈≈≈.# .#######
#....... ≈≈≈≈..##.# #.......


You could see tidbits's ghost.

Vanquished Creatures
  A big kobold (D:4)
  A crimson imp (D:4)
  An iguana (D:4)
  3 adders
  An adder skeleton (D:4)
  A dart slug (D:1)
  A leopard gecko (D:4)
  4 orcs
  5 giant cockroaches
  4 hobgoblins
  2 quokkas
  A bat (D:2)
  2 frilled lizards (D:2)
  5 goblins
  11 kobolds
  4 rats (D:2)
47 creatures vanquished.

Notes
Turn   | Place    | Note
-------+----------+-------------------------------------------
     0 | D:1      | tidbits the Gnoll Skald began the quest for the Orb.
     0 | D:1      | Reached XP level 1. HP: 20/20 MP: 6/6
   149 | D:1      | Reached XP level 2. HP: 23/26 MP: 0/7
   159 | D:1      | Learned a level 2 spell: Song of Slaying
   162 | D:1      | Learned a level 2 spell: Shroud of Golubria
   229 | D:2      | Reached XP level 3. HP: 31/31 MP: 0/9
   281 | D:3      | Learned a level 3 spell: Spectral Weapon
   288 | D:3      | Reached skill level 5 in Spellcasting
   321 | D:3      | Learned a level 3 spell: Regeneration
   340 | D:4      | Learned a level 1 spell: Apportation
   356 | D:4      | Reached skill level 1 in Invocations
   387 | D:4      | Reached skill level 1 in Short Blades
   387 | D:4      | Reached skill level 1 in Long Blades
   387 | D:4      | Reached skill level 1 in Maces & Flails
   387 | D:4      | Reached skill level 1 in Polearms
   387 | D:4      | Reached skill level 1 in Staves
   387 | D:4      | Reached skill level 1 in Slings
   387 | D:4      | Reached skill level 1 in Bows
   387 | D:4      | Reached skill level 1 in Crossbows
   387 | D:4      | Reached skill level 1 in Throwing
   387 | D:4      | Reached skill level 1 in Stealth
   387 | D:4      | Reached skill level 1 in Shields
   387 | D:4      | Reached skill level 1 in Unarmed Combat
   387 | D:4      | Reached skill level 1 in Evocations
   387 | D:4      | Reached XP level 4. HP: 23/38 MP: 2/11
   530 | D:4      | Reached skill level 1 in Conjurations
   530 | D:4      | Reached skill level 1 in Hexes
   530 | D:4      | Reached skill level 1 in Summonings
   530 | D:4      | Reached skill level 1 in Necromancy
   530 | D:4      | Reached skill level 1 in Translocations
   530 | D:4      | Reached skill level 1 in Transmutations
   530 | D:4      | Reached skill level 1 in Fire Magic
   530 | D:4      | Reached skill level 1 in Ice Magic
   530 | D:4      | Reached skill level 1 in Air Magic
   530 | D:4      | Reached skill level 1 in Earth Magic
   530 | D:4      | Reached skill level 1 in Poison Magic
   532 | D:4      | Noticed a big kobold
   537 | D:4      | Noticed tidbits's ghost (weakling GnNe)
   540 | D:4      | Reached XP level 5. HP: 30/43 MP: 6/12
   548 | D:4      | Killed a big kobold
   548 | D:4      | Reached skill level 3 in Armour
   553 | D:4      | Mangled by tidbits's ghost

Skill      XL: |  1  2  3  4  5 |
---------------+----------------+-----
Spellcasting   | 5 |  5.2
Invocations    | 1 |  1.8
Short Blades   | 1 |  1.6
Long Blades    | 1 |  1.6
Maces & Flails | 1 |  1.6
Polearms       | 1 |  1.6
Staves         | 1 |  1.6
Slings         | 1 |  1.6
Bows           | 1 |  1.6
Crossbows      | 1 |  1.6
Throwing       | 1 |  1.6
Stealth        | 1 |  1.6
Shields        | 1 |  1.6
Unarmed Combat | 1 |  1.6
Evocations     | 1 |  1.6
Conjurations   | 1 |  1.3
Hexes          | 1 |  1.3
Summonings     | 1 |  1.3
Necromancy     | 1 |  1.3
Translocations | 1 |  1.3
Transmutations | 1 |  1.3
Fire Magic     | 1 |  1.3
Ice Magic      | 1 |  1.3
Air Magic      | 1 |  1.3
Earth Magic    | 1 |  1.3
Poison Magic   | 1 |  1.3
Armour         | 3 |  3.0
Fighting       | |  4.8
Axes           | |  4.8
Dodging        | |  4.8
Charms         | |  5.6

Action                   |  1- 3 |  4- 6 || total
-------------------------+-------+-------++-------
Melee: Hand axe          |    61 |    38 ||    99
       Bite              |     4 |     5 ||     9
       Punch             |     1 |       ||     1
       Unarmed           |       |     1 ||     1
 Cast: Infusion          |     6 |     1 ||     7
       Song of Slaying   |     3 |     3 ||     6
       Spectral Weapon   |     2 |     3 ||     5
       Apportation       |     1 |       ||     1
       Regeneration      |     1 |       ||     1
  Use: Potion            |       |     1 ||     1
 Stab: Distracted        |       |     1 ||     1
Armor: Leather armour    |     7 |     3 ||    10
       Skin              |       |     2 ||     2
Dodge: Dodged            |    44 |    29 ||    73

Table legend:
 A = Turns spent in this place as a percentage of turns spent in the entire game.
 B = Non-inter-level travel turns spent in this place as a percentage of non-inter-level travel turns spent in the entire game.
 C = Inter-level travel turns spent in this place as a percentage of turns spent in this place.
 D = Turns resting spent in this place as a percentage of non-inter-level travel turns spent in this place.
 E = Turns spent auto-exploring this place as a percentage of non-inter-level travel turns spent in this place.
 F = Non-inter-level travel turns spent in this place divided by the number of levels of this place that you've seen.
                   A       B       C       D       E      F
               +-------+-------+-------+-------+-------+----------------------
         Total | 100.0 | 100.0 |   0.0 |   0.0 |   0.0 | 138.2
       Dungeon | 100.0 | 100.0 |   0.0 |   0.0 |   0.0 | 138.2
               +-------+-------+-------+-------+-------+----------------------

Table legend:
 A = Kills in this place as a percentage of kills in entire the game.
 B = Kills by you in this place as a percentage of kills by you in the entire game.
 C = Kills by friends in this place as a percentage of kills by friends in the entire game.
 D = Other kills in this place as a percentage of other kills in the entire game.
 E = Experience gained in this place as a percentage of experience gained in the entire game.
 F = Experience gained in this place divided by the number of levels of this place that you have seen.
                   A       B       C       D       E      F
               +-------+-------+-------+-------+-------+----------------------
         Total | 100.0 | 100.0 |   N/A |   N/A | 100.0 |  75.2
       Dungeon | 100.0 | 100.0 |   N/A |   N/A | 100.0 |  75.2
               +-------+-------+-------+-------+-------+----------------------

Vault maps used:
D:1:      dpeg_arrival_chambers_temple_mockup
D:2:      fedhas_altar_fruit_tree
D:3:      overflow_temple_1_default
D:4:      cheibrodos_thug_alley, serial_shops, kennysheep_mini
